 Seeded DCSS version 0.31-a0-750-gfe7b580527 (webtiles) character file.

Game seed: 12666442450456151992 (custom seed)

2157 GigaChad the Cleaver (level 9, -4/69 HPs)
             Began as a Formicid Fighter on Sept 14, 2023.
             Slain by a two-headed ogre
             ... wielding a +0 giant spiked club
              (19 damage)
             ... on level 8 of the Dungeon.
             The game lasted 00:07:23 (7405 turns).

GigaChad the Cleaver (Formicid Fighter)             Turns: 7405, Time: 00:07:23

Health: -4/69      AC: 17    Str: 26    XL:     9   Next: 57%
Magic:  9/9        EV:  7    Int:  7    God:
Gold:   319        SH: 12    Dex: 13    Spells: 8/8 levels left

rFire   + . .        a - +1 war axe
rCold   . . .        i - +1 buckler of Repulsion {rF+}
rNeg    . . .        D - +0 plate armour
rPois   .            (helmet unavailable)
rElec   .            (no cloak)
rCorr   .            (no gloves)
SInv    +            (no boots)
Will    .....        v - amulet of reflection Stlth
                     u - +4 ring of protection
HPRegen 0.31/turn    (no ring)
MPRegen 0.11/turn

%: reflection
@: no status effects
A: permanent stasis, dig shafts and tunnels, antennae 3, four strong arms
a: Dig, Shaft Self


You were on level 8 of the Dungeon.
You visited 1 branch of the dungeon, and saw 8 of its levels.

You collected 319 gold pieces.

Inventory:

Hand Weapons
 a - a +1 war axe (weapon)
Missiles
 r - 2 throwing nets
Armour
 i - the +1 buckler of Repulsion (worn) {rF+}
   (You acquired it on level 2 of the Dungeon)

   rF+:       It protects you from fire.
 n - a +1 chain mail
 D - a +0 plate armour (worn)
Jewellery
 u - a +4 ring of protection (left hand)
 v - an amulet of reflection (around neck)
 y - a ring of protection from cold
Talismans
 p - a serpent talisman
 x - a serpent talisman
Wands
 j - a wand of iceblast (13)
 k - a wand of flame (10)
 s - a wand of charming (12)
 B - a wand of mindburst (5)
Scrolls
 b - a scroll of identify
 g - 5 scrolls of teleportation
 o - a scroll of fog
 t - a scroll of amnesia
 C - a scroll of brand weapon {unknown}
Potions
 c - a potion of degeneration {unknown}
 d - 5 potions of might
 e - a potion of magic
 f - 2 potions of heal wounds {unknown}
 h - 2 potions of berserk rage {unknown}
 l - 3 potions of attraction {unknown}
 m - 3 potions of resistance {unknown}
 q - 2 potions of invisibility {unknown}
 w - 3 potions of haste {unknown}
 z - 3 potions of mutation {unknown}
 A - 2 potions of curing {unknown}


   Skills:
 * Level 6.0 Fighting
 * Level 8.7 Axes
 * Level 7.0 Armour
 * Level 7.1 Shields


You had 8 spell levels left.
You didn't know any spells.
Your spell library contained the following spells:

 Spells                   Type           Power      Damage    Failure   Level
 Apportation              Tloc           0%         N/A       99%         1
 Jinxbite                 Hex            0%         N/A       100%        2
 Lesser Beckoning         Tloc           0%         N/A       100%        2
 Gell's Gravitas          Tloc           0%         N/A       100%        3
 Stone Arrow              Conj/Erth      0%         3d7       100%        3
 Teleport Other           Tloc           0%         N/A       100%        3
 Animate Armour           Summ/Erth      0%         N/A       100%        4
 Manifold Assault         Tloc           0%         N/A       100%        4
 Alistair's Intoxication  Tmut/Pois      0%         N/A       100%        5
 Lehudib's Crystal Spear  Conj/Erth      0%         10d2      100%        8
 Blink                    Tloc           Unusable   N/A       N/A         2

Dungeon Overview and Level Annotations

Branches:
Dungeon (8/15)             Temple (0/1) D:7
   Lair: D:8-11

Altars:
Kikubaaqudgha
Qazlal
Wu Jian

Shops:
D:8 *

Annotations:
D:4 3 runed translucent doors, Age's ghost, amateur MiFi


Innate Abilities, Weirdness & Mutations

You cannot be hasted, slowed, berserked, paralysed or teleported.
You can dig through walls and to a lower floor.
You have a pair of large antennae on your head. (SInv)
Your four strong arms can wield two-handed weapons with a shield.


Message History

Unknown command.
You slash the orc priest!
You kill the orc priest!
You slash the two-headed ogre!
Unknown command.
You slash the two-headed ogre!
The two-headed ogre is heavily wounded.
The two-headed ogre barely misses you.
The two-headed ogre hits you with a +0 giant club!
Unknown command.
You hit the two-headed ogre but do no damage.
The two-headed ogre is heavily wounded.
The two-headed ogre hits you with a +0 giant spiked club!
The two-headed ogre hits you with a +0 giant club!
Unknown command.
You are too injured to fight recklessly!
Unknown command.
You are too injured to fight recklessly!
Unknown command.
Unknown command.
You slash the two-headed ogre!
The two-headed ogre is almost dead.
You block the two-headed ogre's attack.
The two-headed ogre hits you but does no damage.
You barely miss the two-headed ogre.
The two-headed ogre is almost dead.
You barely miss the two-headed ogre.
The two-headed ogre is almost dead.
The two-headed ogre hits you with a +0 giant spiked club!
* * * LOW HITPOINT WARNING * * *
You block the two-headed ogre's attack.
You barely miss the two-headed ogre.
The two-headed ogre is severely wounded.
The two-headed ogre barely misses you. x2
You slash the two-headed ogre!
The two-headed ogre is almost dead.
You barely miss the two-headed ogre.
The two-headed ogre is almost dead.
The two-headed ogre hits you with a +0 giant spiked club!!
You die...

###.##.#.#####.####.##
...###+#.#...#'#### ..
##.......# #......#
##.......# #......#
##.......# #......#
##........ #.#+####
##.......###(#.#
#.#####...$.#.#########
#>. ...........@O.....#
#.. ...........))......
#########.######... #.#
o . #.# #.# #.# #..


You could see a two-headed ogre.

Vanquished Creatures
  Sigmund (D:4)
  A wyvern (D:5)
  Menkaure (D:5)
  An orc warrior (D:7)
  A sky beast (D:7)
  An ice beast (D:5)
  An ogre (D:5)
  A centaur (D:8)
  2 kobold brigands
  A bullfrog (D:8)
  A gnoll sergeant (D:6)
  2 scorpions
  3 howler monkeys
  3 hounds
  2 orc priests
  A gnoll bouda (D:6)
  Jessica (D:3)
  Ijyb (D:3)
  Natasha (thrice) (D:2)
  2 iguanas
  4 orc wizards
  Robin (D:2)
  11 gnolls
  13 adders
  A river rat (D:5)
  A white imp (D:6)
  An ufetubus (D:7)
  2 worms
  A dart slug (D:1)
  13 orcs
  5 endoplasms
  3 giant cockroaches
  7 goblins
  7 hobgoblins
  3 jackals (D:3)
  9 kobolds
  3 quokkas
  3 ball pythons
  7 bats
  8 frilled lizards
  7 rats
140 creatures vanquished.

Notes
Turn   | Place    | Note
-------+----------+-------------------------------------------
     0 | D:1      | GigaChad the Formicid Fighter began the quest for the Orb.
     0 | D:1      | Reached XP level 1. HP: 18/18 MP: 1/1
   309 | D:1      | Reached XP level 2. HP: 24/24 MP: 2/2
  1141 | D:2      | Reached XP level 3. HP: 26/29 MP: 3/3
  1268 | D:2      | Noticed Natasha
  1284 | D:2      | Killed Natasha
  1285 | D:2      | Reached skill level 3 in Axes
  1285 | D:2      | Reached XP level 4. HP: 25/37 MP: 4/4
  1300 | D:2      | Identified a scroll of acquirement
  1300 | D:2      | Acquired the +1 buckler of Repulsion {rF+}
  1431 | D:2      | Noticed Natasha
  1441 | D:2      | Killed Natasha
  1538 | D:2      | Noticed Natasha
  1545 | D:2      | Killed Natasha
  1546 | D:2      | Reached XP level 5. HP: 39/42 MP: 5/5
  1572 | D:2      | Noticed Robin
  1576 | D:2      | Killed Robin
  1662 | D:2      | Found a faded altar of an unknown god.
  2071 | D:3      | Reached skill level 4 in Axes
  2149 | D:3      | Found an ornate altar of the Wu Jian Council.
  2168 | D:3      | Found a stormy altar of Qazlal.
  2220 | D:3      | Reached XP level 6. HP: 48/48 MP: 6/6
  2238 | D:3      | Noticed Jessica
  2244 | D:3      | Killed Jessica
  2515 | D:3      | Noticed Ijyb
  2531 | D:3      | Killed Ijyb
  2675 | D:3      | Noticed a water elemental
  2750 | D:3      | Noticed a fire elemental
  2750 | D:3      | Noticed an air elemental
  2998 | D:4      | Reached skill level 5 in Shields
  3303 | D:4      | Found a runed translucent gate.
  3303 | D:4      | Found a runed translucent gate.
  3303 | D:4      | Found a runed translucent gate.
  3309 | D:4      | Noticed Age's ghost (amateur MiFi)
  3428 | D:4      | Reached skill level 5 in Axes
  3428 | D:4      | Reached XP level 7. HP: 55/55 MP: 7/7
  3670 | D:4      | Noticed Sigmund
  3691 | D:4      | Killed Sigmund
  3692 | D:4      | Reached skill level 5 in Armour
  4059 | D:5      | Entered Level 5 of the Dungeon
  4254 | D:5      | Noticed a wyvern
  4273 | D:5      | Killed a wyvern
  4274 | D:5      | Reached skill level 6 in Axes
  4274 | D:5      | Reached XP level 8. HP: 13/61 MP: 8/8
  4598 | D:5      | Found an ancient bone altar of Kikubaaqudgha.
  4642 | D:5      | Noticed Menkaure
  4653 | D:5      | Killed Menkaure
  4654 | D:5      | Reached skill level 5 in Fighting
  4739 | D:5      | HP: 3/62 [gnoll/+0 spear (3)]
  5470 | D:5      | Reached skill level 7 in Axes
  6090 | D:6      | Reached XP level 9. HP: 68/68 MP: 9/9
  6448 | D:7      | Found a staircase to the Ecumenical Temple.
  6555 | D:7      | Reached skill level 8 in Axes
  7327 | D:8      | Found Nyecur's General Store.
  7388 | D:8      | Noticed a two-headed ogre
  7405 | D:8      | Slain by a two-headed ogre

Illustrated notes

Levels and vault maps discovered:
D:1:      amcnicky_arrival_blooded_trapdoor, layout_loops_corners,
          serial_forest, infiniplex_forest_clump_curved,
          infiniplex_forest_end_3, infiniplex_forest_clump_small,
          infiniplex_forest_lined_3, infiniplex_forest_straight_2,
          infiniplex_forest_lined_1, infiniplex_forest_end_double,
          minmay_bisected
D:2:      layout_loops_ring, ebering_ecumenical_altar_ruins, uniq_robin,
          uniq_natasha
D:3:      layout_basic, nzn_wu_jian_contemplation,
          nicolae_qazlal_style_of_elements, grunt_ministairs_5,
          minmay_misc_feat_x, uniq_jessica, uniq_ijyb
D:4:      layout_layer_cave, gammafunk_ghost_necromancy, uniq_sigmund
D:5:      layout_loops_ring, mainiacjoe_overflow_tiny_flanked,
          lightli_sewer_entry_pipes, uniq_menkaure
D:6:      layout_basic
D:7:      layout_loops_corners, minmay_temple_entry_from_below_a
D:8:      layout_basic, serial_shops, shop, nicolae_shop_peninsula

Skill      XL: |  1  2  3  4  5  6  7  8  9 |
---------------+----------------------------+-----
Axes           | 3 4 5 6 7 8 |  8.7
Armour         | 4 5 6 7 |  7.0
Fighting       | 4 5 6 |  6.0
Shields        | 5 6 7 |  7.1

Action                     |  1- 3 |  4- 6 |  7- 9 || total
---------------------------+-------+-------+-------++-------
  Melee: War axe           |    68 |   157 |   294 ||   519
    Use: Scroll            |     1 |     2 |     5 ||     8
 Armour: Scale mail        |    43 |    52 |       ||    95
         Chain mail        |       |    69 |   134 ||   203
         Plate armour      |       |       |    19 ||    19
  Dodge: Dodged            |    42 |    64 |    87 ||   193
  Block: Buckler           |    15 |    39 |   139 ||   193
         Reflection        |       |       |     3 ||     3

Table legend: (Time is in decaauts)
 A = Elapsed time spent in this place.
 B = Non-inter-level travel time spent in this place.
 C = Inter-level travel time spent in this place.
 D = Time resting spent in this place.
 E = Time spent auto-exploring this place.
 F = Levels seen in this place.
 G = Mean time per level.
                   A        B        C        D        E       F      G
               +--------+--------+--------+--------+--------+-----+--------+
         Total |   7558 |   7242 |    316 |    291 |   5673 |   8 |  944.8 |
       Dungeon |   7558 |   7242 |    316 |    291 |   5673 |   8 |  944.8 |
               +--------+--------+--------+--------+--------+-----+--------+

Top non-repeatable levels by time:
     D:5: 1555 daAuts
     D:1: 1147 daAuts
     D:4: 1103 daAuts
     D:7: 970 daAuts
     D:2: 960 daAuts
     D:3: 932 daAuts
     D:6: 803 daAuts
     D:8: 85 daAuts
